SAAA
HIALEAH DODOS @ AUGUSTA TIMBER HAWKS
09/15/2022
 
TOP OF THE 1ST
Hialeah Dodos batting - Pitching for Augusta Timber Hawks : RHP Connor Dale
Pitching: RHP Connor Dale
Batting: RHB Alexis Smeddon 0-0: Called Strike
0-1: Fly out, F8 (Flyball, 8LM)
Batting: RHB Ji-chol Yang 0-0: Called Strike
0-1: Called Strike
0-2: Ball
1-2: SINGLE (Groundball, 6MD)
Batting: LHB Alfonso Núñez 0-0: Swinging Strike
0-1: Ball
1-1: Fielders Choice at 2nd, 3-6 (Groundball, 34)
Batting: RHB Lorenzo Ramírez 0-0: DOUBLE (Flyball, 89M)
Alfonso Núñez to third
Runner from 3rd tries for Home, SAFE, no throw or cutoff
Batting: LHB Alberto Enríquez 0-0: Called Strike
0-1: SINGLE (Line Drive, 89M)
Lorenzo Ramírez to third
Batting: LHB Vern Forrest 0-0: Called Strike
Alberto Enríquez is caught stealing 2nd base
Top of the 1st over - 1 run(s), 3 hit(s), 0 error(s), 0 left on base; Hialeah 1 - Augusta 0
BOTTOM OF THE 1ST
Augusta Timber Hawks batting - Pitching for Hialeah Dodos : RHP Jim Unknown
Pitching: RHP Jim Unknown
Batting: LHB Christian Blair 0-0: Fly out, F7 (Flyball, 78M)
Batting: LHB Ray Merrill 0-0: DOUBLE (Line Drive, 9LS)
Batting: LHB Alberto Torres 0-0: Ball
Ray Merrill steals 3rd base
1-0: Ball
2-0: Swinging Strike
2-1: Ball
3-1: Foul Ball, location: 2F
3-2: Base on Balls
Batting: SHB Lawrence Franklin 0-0: Called Strike
0-1: Ball
1-1: Ball
2-1: Foul Ball, location: 2F
2-2: Foul Ball, location: 2F
2-2: Foul Ball, location: 2F
2-2: Ball
3-2: Base on Balls
Alberto Torres to second
Batting: LHB Emílio Barbán 0-0: DOUBLE (Flyball, 9D)
Ray Merrill scores
Alberto Torres scores
Lawrence Franklin to third
Batting: RHB Bob Sargent 0-0: Ball
1-0: Ball
2-0: Called Strike
2-1: Foul Ball, location: 2F
2-2: Strikes out swinging
Batting: RHB Claudio Mendoza 0-0: Called Strike
0-1: Called Strike
0-2: Ground out 5-3 (Groundball, 56)
Bottom of the 1st over - 2 run(s), 2 hit(s), 0 error(s), 2 left on base; Hialeah 1 - Augusta 2
TOP OF THE 2ND
Hialeah Dodos batting - Pitching for Augusta Timber Hawks : RHP Connor Dale
Batting: LHB Vern Forrest 0-0: Ball
1-0: Fly out, F9 (Flyball, 89XD)
Batting: RHB Carl Carlson 0-0: Ball
1-0: Foul Ball, location: 2F
1-1: Fly out, F8 (Flyball, 8RM)
Batting: RHB Javier Santos 0-0: Ball
1-0: Swinging Strike
1-1: Foul Ball, location: 2F
1-2: Ball
2-2: Ball
3-2: Reached on error, E4 (Groundball, 4MD)
Batting: RHB Pedro Longoria 0-0: Ball
1-0: Ball
2-0: Foul Ball, location: 2F
2-1: Foul Ball, location: 2F
2-2: Fly out, F9 (Flyball, 9M)
Top of the 2nd over - 0 run(s), 0 hit(s), 1 error(s), 1 left on base; Hialeah 1 - Augusta 2
BOTTOM OF THE 2ND
Augusta Timber Hawks batting - Pitching for Hialeah Dodos : RHP Jim Unknown
Batting: SHB Jason Alexander 0-0: Ball
1-0: Fly out, F9 (Line Drive, 9M)
Batting: RHB Hiwahikeiki Noelani 0-0: SINGLE (Flyball, 9S)
Batting: LHB Christian Blair 0-0: Ball
1-0: Ball
2-0: Ball
3-0: Called Strike
3-1: Base on Balls
Hiwahikeiki Noelani to second
Batting: LHB Ray Merrill 0-0: Reached on error, E4 (Groundball, 4)
Hiwahikeiki Noelani to third
Christian Blair to second
Batting: LHB Alberto Torres 0-0: Called Strike
0-1: Ball
1-1: Called Strike
1-2: Foul Ball, location: 2F
1-2: Ball
2-2: Ball
3-2: DOUBLE (Line Drive, 89S)
Hiwahikeiki Noelani scores
Christian Blair scores
Ray Merrill to third
Batting: SHB Lawrence Franklin 0-0: Called Strike
0-1: Ball
1-1: Swinging Strike
1-2: Strikes out looking
Batting: LHB Emílio Barbán 0-0: Called Strike
0-1: Ball
1-1: Fly out, F8 (Flyball, 8LM)
Bottom of the 2nd over - 2 run(s), 2 hit(s), 1 error(s), 2 left on base; Hialeah 1 - Augusta 4
TOP OF THE 3RD
Hialeah Dodos batting - Pitching for Augusta Timber Hawks : RHP Connor Dale
Batting: RHB Alexis Smeddon 0-0: Ball
1-0: Ball
2-0: Foul Ball, location: 2F
2-1: Fly out, F8 (Flyball, 8LM)
Batting: RHB Ji-chol Yang 0-0: Called Strike
0-1: Foul Ball, location: 2F
0-2: Ball
1-2: Ground out 6-3 (Groundball, 6)
Batting: LHB Alfonso Núñez 0-0: SINGLE (Groundball, 34D)
Batting: RHB Lorenzo Ramírez 0-0: Ball
1-0: Ball
2-0: SINGLE (Line Drive, 5D)
Alfonso Núñez to second
Batting: LHB Alberto Enríquez 0-0: SINGLE (Line Drive, 9LS)
Alfonso Núñez to third
Lorenzo Ramírez to second
Runner from 3rd tries for Home, SAFE, no throw or cutoff
Batting: LHB Vern Forrest 0-0: Ball
1-0: Called Strike
1-1: Called Strike
1-2: Ball
2-2: Foul Ball, location: 2F
2-2: SINGLE (Groundball, 34D)
Lorenzo Ramírez to third
Alberto Enríquez to second
Runner from 3rd tries for Home, SAFE, no throw or cutoff
Batting: RHB Carl Carlson 0-0: Foul Ball, location: 2F
0-1: Ball
1-1: Foul Ball, location: 2F
1-2: Ball
2-2: SINGLE (Groundball, 25) (infield hit)
Alberto Enríquez to third
Vern Forrest to second
Batting: RHB Javier Santos 0-0: Called Strike
0-1: Ball
1-1: Foul Ball, location: 2F
1-2: Foul Ball, location: 2F
1-2: Ball
2-2: Fly out, F6 (Line Drive, 6)
Top of the 3rd over - 2 run(s), 5 hit(s), 0 error(s), 3 left on base; Hialeah 3 - Augusta 4
BOTTOM OF THE 3RD
Augusta Timber Hawks batting - Pitching for Hialeah Dodos : RHP Jim Unknown
Batting: RHB Bob Sargent 0-0: Ground out 5-3 (Groundball, 56)
Batting: RHB Claudio Mendoza 0-0: SINGLE (Groundball, 5D)
Batting: SHB Jason Alexander 0-0: Ball
1-0: Called Strike
1-1: Ball
2-1: Ball
3-1: Foul Ball, location: 2F
3-2: Fly out, F7 (Flyball, 7M)
Batting: RHB Hiwahikeiki Noelani 0-0: Called Strike
0-1: Ball
1-1: Fly out, F9 (Flyball, 89XD)
Bottom of the 3rd over - 0 run(s), 1 hit(s), 0 error(s), 1 left on base; Hialeah 3 - Augusta 4
TOP OF THE 4TH
Hialeah Dodos batting - Pitching for Augusta Timber Hawks : RHP Connor Dale
Batting: RHB Pedro Longoria 0-0: Fly out, F8 (Flyball, 8LD)
Batting: RHB Alexis Smeddon 0-0: Ground out 6-3 (Groundball, 6)
Batting: RHB Ji-chol Yang 0-0: Ball
1-0: Called Strike
1-1: Ball
2-1: DOUBLE (Flyball, 7LD)
Batting: LHB Alfonso Núñez 0-0: Fly out, F3 (Line Drive, 3)
Top of the 4th over - 0 run(s), 1 hit(s), 0 error(s), 1 left on base; Hialeah 3 - Augusta 4
BOTTOM OF THE 4TH
Augusta Timber Hawks batting - Pitching for Hialeah Dodos : RHP Jim Unknown
Batting: LHB Christian Blair 0-0: Foul Ball, location: 2F
0-1: Ground out 6-3 (Groundball, 6M)
Batting: LHB Ray Merrill 0-0: SINGLE (Line Drive, 4M)
Batting: LHB Alberto Torres 0-0: Called Strike
0-1: Ball
1-1: Foul Ball, location: 2F
1-2: Strikes out swinging
Batting: SHB Lawrence Franklin 0-0: Ground out 6-3 (Groundball, 6)
Bottom of the 4th over - 0 run(s), 1 hit(s), 0 error(s), 1 left on base; Hialeah 3 - Augusta 4
TOP OF THE 5TH
Hialeah Dodos batting - Pitching for Augusta Timber Hawks : RHP Connor Dale
Batting: RHB Lorenzo Ramírez 0-0: Ball
1-0: Called Strike
1-1: Ball
2-1: Ball
3-1: Foul Ball, location: 2F
3-2: Foul Ball, location: 2F
3-2: Fly out, F9 (Flyball, 9LM)
Batting: LHB Alberto Enríquez 0-0: SINGLE (Groundball, 56D)
Batting: LHB Vern Forrest 0-0: Called Strike
0-1: Ball
1-1: Swinging Strike
1-2: Ball
2-2: Strikes out swinging
Batting: RHB Carl Carlson 0-0: Swinging Strike
0-1: Ball
1-1: Foul Ball, location: 2F
1-2: Strikes out swinging
Top of the 5th over - 0 run(s), 1 hit(s), 0 error(s), 1 left on base; Hialeah 3 - Augusta 4
BOTTOM OF THE 5TH
Augusta Timber Hawks batting - Pitching for Hialeah Dodos : RHP Jim Unknown
Batting: LHB Emílio Barbán 0-0: Called Strike
0-1: Ball
1-1: Ball
2-1: Ball
3-1: Swinging Strike
3-2: Base on Balls
Batting: RHB Bob Sargent 0-0: Bunted foul
0-1: Ball
1-1: Bunted foul
1-2: Foul Ball, location: 2F
1-2: Foul Ball, location: 2F
1-2: Foul Ball, location: 2F
1-2: Strikes out swinging
Batting: RHB Claudio Mendoza 0-0: Called Strike
0-1: Called Strike
0-2: Ground out U3 (Groundball, 3S)
Emílio Barbán to second
Batting: SHB Jason Alexander 0-0: Ball
1-0: Ball
2-0: Ball
3-0: Base on Balls
Batting: RHB Hiwahikeiki Noelani 0-0: Called Strike
0-1: Ball
1-1: Foul Ball, location: 2F
1-2: Ball
2-2: Ball
3-2: Foul Ball, location: 2F
3-2: Fly out, F9 (Flyball, 9M)
Bottom of the 5th over - 0 run(s), 0 hit(s), 0 error(s), 2 left on base; Hialeah 3 - Augusta 4
TOP OF THE 6TH
Hialeah Dodos batting - Pitching for Augusta Timber Hawks : RHP Connor Dale
Batting: RHB Javier Santos 0-0: Called Strike
0-1: Swinging Strike
0-2: Ball
1-2: Ground out 4-3 (Groundball, 4)
Batting: RHB Pedro Longoria 0-0: Fly out, F8 (Flyball, 8LM)
Batting: RHB Alexis Smeddon 0-0: Foul Ball, location: 2F
0-1: Foul Ball, location: 2F
0-2: Ball
1-2: Ball
2-2: Ball
3-2: Foul Ball, location: 2F
3-2: Foul Ball, location: 2F
3-2: Foul Ball, location: 2F
3-2: Ground out 5-3 (Groundball, 5S)
Top of the 6th over - 0 run(s), 0 hit(s), 0 error(s), 0 left on base; Hialeah 3 - Augusta 4
BOTTOM OF THE 6TH
Augusta Timber Hawks batting - Pitching for Hialeah Dodos : RHP Jim Unknown
Batting: LHB Christian Blair 0-0: Ball
1-0: Called Strike
1-1: Ground out 4-3 (Groundball, 4M)
Batting: LHB Ray Merrill 0-0: Called Strike
0-1: Ball
1-1: Ball
2-1: Swinging Strike
2-2: Foul Ball, location: 2F
2-2: Foul Ball, location: 2F
2-2: Fly out, F9 (Line Drive, 89M)
Batting: LHB Alberto Torres 0-0: Called Strike
0-1: Swinging Strike
0-2: Ball
1-2: Foul Ball, location: 2F
1-2: Strikes out swinging
Bottom of the 6th over - 0 run(s), 0 hit(s), 0 error(s), 0 left on base; Hialeah 3 - Augusta 4
TOP OF THE 7TH
Hialeah Dodos batting - Pitching for Augusta Timber Hawks : RHP Connor Dale
Batting: RHB Ji-chol Yang 0-0: Foul Ball, location: 2F
0-1: Fly out, F8 (Flyball, 8LD)
Batting: LHB Alfonso Núñez 0-0: Called Strike
0-1: Ball
1-1: Ball
2-1: SINGLE (Groundball, 3D)
Pitching: RHP Paul Moore
Batting: RHB Lorenzo Ramírez 0-0: Fly out, F7 (Flyball, 7M)
Batting: LHB Alberto Enríquez 0-0: SINGLE (Line Drive, 4MD)
Alfonso Núñez to second
Runner from 2nd tries for 3rd, SAFE, no throw or cutoff
Pinch Hitting: LHB Álex Burgos 0-0: Foul Ball, location: 2F
0-1: Swinging Strike
0-2: Ball
1-2: Ball
2-2: Foul Ball, location: 2F
2-2: Strikes out swinging
Top of the 7th over - 0 run(s), 2 hit(s), 0 error(s), 2 left on base; Hialeah 3 - Augusta 4
BOTTOM OF THE 7TH
Augusta Timber Hawks batting - Pitching for Hialeah Dodos : RHP Jim Unknown
Now in CF: Jim Unknown
Batting: SHB Lawrence Franklin 0-0: Ball
1-0: Ball
2-0: Called Strike
2-1: Ball
3-1: Base on Balls
Pitching: RHP Jim Unknown
Batting: LHB Emílio Barbán 0-0: Fly out, F7 (Flyball, 78M)
Batting: RHB Bob Sargent Balk!
Lawrence Franklin to second
0-0: Ball
1-0: Ground out 1-3 (Groundball, 15)
Batting: RHB Claudio Mendoza 0-0: Ball
1-0: Swinging Strike
1-1: Foul Ball, location: 2F
1-2: Strikes out swinging
Bottom of the 7th over - 0 run(s), 0 hit(s), 0 error(s), 1 left on base; Hialeah 3 - Augusta 4
TOP OF THE 8TH
Hialeah Dodos batting - Pitching for Augusta Timber Hawks : RHP Paul Moore
Pitching: RHP Tom Sosa
Batting: RHB Carl Carlson 0-0: Ball
1-0: Ball
2-0: Called Strike
2-1: Ball
3-1: Called Strike
3-2: Ground out 5-3 (Groundball, 5)
Batting: RHB Javier Santos 0-0: Called Strike
0-1: Called Strike
0-2: Ground out 4-3 (Groundball, 4)
Batting: RHB Pedro Longoria 0-0: Called Strike
0-1: Foul Ball, location: 2F
0-2: Ball
1-2: SINGLE (Groundball, 56D)
Batting: RHB Alexis Smeddon 0-0: Foul Ball, location: 2F
0-1: Ball
1-1: Ball
2-1: Ball
3-1: Fly out, F2 (Popup, 23F)
Top of the 8th over - 0 run(s), 1 hit(s), 0 error(s), 1 left on base; Hialeah 3 - Augusta 4
BOTTOM OF THE 8TH
Augusta Timber Hawks batting - Pitching for Hialeah Dodos : RHP Jim Unknown
Batting: SHB Jason Alexander 0-0: Ball
1-0: Ball
2-0: SOLO HOME RUN (Flyball, 89XD), Distance : 439 ft
Batting: RHB Hiwahikeiki Noelani 0-0: DOUBLE (Groundball, 5L)
Batting: LHB Christian Blair 0-0: Ball
1-0: SINGLE (Groundball, 34D)
Hiwahikeiki Noelani to third
Runner from 3rd tries for Home, SAFE, no throw or cutoff
Batting: LHB Ray Merrill 0-0: Sac Bunt - play at first, batter OUT! 1-3
Christian Blair to second
Batting: LHB Alberto Torres 0-0: Intentional Walk
Batting: SHB Lawrence Franklin 0-0: Ball
1-0: Ball
2-0: Called Strike
2-1: Called Strike
2-2: Ball
3-2: Foul Ball, location: 2F
3-2: DOUBLE (Line Drive, 9LS)
Christian Blair scores
Alberto Torres to third
Pitching: LHP Jim Unknown
Batting: LHB Emílio Barbán 0-0: Ball
1-0: Called Strike
1-1: Called Strike
1-2: Fly out, F9 (Flyball, 89XD)
Runner from 3rd tags up, SCORES, no throw
Lawrence Franklin to third
Batting: RHB Bob Sargent 0-0: Ball
1-0: Ball
2-0: Ball
3-0: Called Strike
3-1: Swinging Strike
3-2: Fly out, F6 (Popup, 6MD)
Bottom of the 8th over - 4 run(s), 4 hit(s), 0 error(s), 1 left on base; Hialeah 3 - Augusta 8
TOP OF THE 9TH
Hialeah Dodos batting - Pitching for Augusta Timber Hawks : RHP Tom Sosa
Now in RF: Phil Moore
Batting: RHB Ji-chol Yang 0-0: SINGLE (Groundball, 56D)
Batting: LHB Alfonso Núñez 0-0: Called Strike
0-1: Ball
1-1: Swinging Strike
1-2: Foul Ball, location: 2F
1-2: Ball
Wild Pitch!
Ji-chol Yang to second
2-2: Foul Ball, location: 2F
2-2: Ball
3-2: Foul Ball, location: 2F
3-2: Base on Balls
Batting: RHB Lorenzo Ramírez 0-0: Ball
1-0: Foul Ball, location: 2F
1-1: Foul Ball, location: 2F
1-2: Ball
2-2: Foul Ball, location: 2F
2-2: SINGLE (Line Drive, 8RS)
Ji-chol Yang to third
Alfonso Núñez to second
Pitching: RHP Francisco García
Batting: LHB Alberto Enríquez 0-0: Ball
1-0: Called Strike
1-1: Ball
2-1: Ball
3-1: Called Strike
3-2: Base on Balls
Ji-chol Yang scores
Alfonso Núñez to third
Lorenzo Ramírez to second
Batting: RHB Jim Unknown 0-0: Foul Ball, location: 2F
0-1: Called Strike
0-2: Ball
1-2: Ball
2-2: Ball
3-2: Foul Ball, location: 2F
3-2: Strikes out swinging
Batting: RHB Carl Carlson 0-0: Ball
1-0: Ball
2-0: Ball
3-0: Called Strike
3-1: Base on Balls
Alfonso Núñez scores
Lorenzo Ramírez to third
Alberto Enríquez to second
Pinch Hitting: RHB David Nielsen 0-0: Foul Ball, location: 2F
0-1: Ball
1-1: Ball
2-1: Swinging Strike
2-2: Ball
3-2: Foul Ball, location: 2F
3-2: Base on Balls
Lorenzo Ramírez scores
Alberto Enríquez to third
Carl Carlson to second
Batting: RHB Pedro Longoria 0-0: Foul Ball, location: 2F
0-1: DOUBLE (Flyball, 89XD)
Alberto Enríquez scores
Carl Carlson scores
David Nielsen to third
Batting: RHB Alexis Smeddon 0-0: Fly out, F7 (Flyball, 7S)
Batting: RHB Ji-chol Yang 0-0: Ball
1-0: Called Strike
1-1: Foul Ball, location: 2F
1-2: Foul Ball, location: 2F
1-2: Ball
2-2: Strikes out swinging
Top of the 9th over - 5 run(s), 3 hit(s), 0 error(s), 2 left on base; Hialeah 8 - Augusta 8
BOTTOM OF THE 9TH
Augusta Timber Hawks batting - Pitching for Hialeah Dodos : LHP Jim Unknown
Now at 2B: David Nielsen
Batting: RHB Claudio Mendoza 0-0: Ball
1-0: Ball
2-0: Ball
3-0: Base on Balls
Batting: SHB Jason Alexander 0-0: Ball
1-0: Ball
2-0: Reached on error, E1 (Groundball, 15S)
Claudio Mendoza to third
Batting: RHB Hiwahikeiki Noelani 0-0: Ball
1-0: DOUBLE (Flyball, 78D)
Claudio Mendoza scores
This league is powered by Out of the Park Baseball, the baseball management simulation game for PC, Mac and Linux
Friday, April 15th, 2016 - OOTP Baseball 16.9 Build 39